 Dungeon Crawl Stone Soup version 0.19-b1-3-g7dea586 (webtiles) character file.

204 Mesmaeker13 the Conjurer (level 5, -3/31 HPs)
             Began as a High Elf Conjurer on Oct 28, 2016.
             Killed from afar by Blork the orc (5 damage)
             ... with a puff of flame
             ... on level 4 of the Dungeon.
             The game lasted 00:06:48 (2741 turns).

Mesmaeker13 the Conjurer (High Elf Conjurer)        Turns: 2741, Time: 00:06:48

Health: -3/31      AC:  2    Str: 12    XL:     5   Next: 52%
Magic:  1/13       EV: 18    Int: 19    God:
Gold:   216        SH:  0    Dex: 21    Spells: 3 memorised, 7 levels left

rFire  . . .     SeeInvis .     d - +0 dagger
rCold  . . .     Gourm    .     w - +0 robe (curse)
rNeg   . . .     Faith    .     (no shield)
rPois  .         Spirit   .     (no helmet)
rElec  .         Reflect  .     (no cloak)
rCorr  .         Harm     .     (no gloves)
MR     .....                    (no boots)
Stlth  +++.......               (no amulet)
                                (no ring)
                                (no ring)

@: mighty, agile, very slightly contaminated
A: no striking features
a: no special abilities


You were on level 4 of the Dungeon.
You were not hungry.

You visited 1 branch of the dungeon, and saw 4 of its levels.

You collected 216 gold pieces.

Inventory:

Hand Weapons
 d - a +0 dagger (weapon)
Armour
 w - a cursed +0 robe (worn)
Scrolls
 g - 2 scrolls of noise {unknown}
 h - 3 scrolls of remove curse {unknown}
 k - a scroll of recharging
 m - a scroll of amnesia {unknown}
 n - a scroll of teleportation {unknown}
 q - a scroll of enchant weapon
 s - a scroll of magic mapping
 v - a scroll of fog {unknown}
Potions
 e - a potion of mutation
 f - 2 potions of curing
 l - a potion of heal wounds {unknown}
 o - a potion of agility
 t - a potion of beneficial mutation {unknown}
 u - a potion of cure mutation {unknown}
 z - a potion of invisibility {unknown}
Books
 b - a book of Conjurations

   Spells                             Type                      Level
   a - Magic Dart                     Conjuration                  1
   b - Searing Ray                    Conjuration                  2
   c - Dazzling Spray                 Conjuration/Hexes            3
   d - Fulminant Prism                Conjuration/Hexes            4
   e - Iskenderun's Mystic Blast      Conjuration                  4
   f - Iskenderun's Battlesphere      Conjuration/Charms           5
Comestibles
 c - 5 bread rations
 i - a beef jerky
 j - 3 meat rations
 r - 2 fruits
 x - a chunk of flesh


   Skills:
 + Level 0.0 Fighting
 - Level 2.1 Dodging
 - Level 2.1 Stealth
 + Level 4.9 Spellcasting
 + Level 6.1 Conjurations


You had 7 spell levels left.
You knew the following spells:

 Your Spells              Type           Power        Failure   Level  Hunger
a - Magic Dart            Conj           ####         1%          1    None
b - Searing Ray           Conj           ####..       1%          2    #......
c - Dazzling Spray        Conj/Hex       ###...       12%         3    ##.....


Dungeon Overview and Level Annotations

Branches:
Dungeon (4/15)
 Temple: D:4-7

Altars:

Annotations:
D:3 appiemonkey's ghost, amateur GrFi
D:4 Blork the orc


Message History

Blork the orc is dazzled.
The spray of energy hits the orc.
The orc is heavily wounded.
The orc is dazzled.
Blork the orc frowns.
Blork the orc points at you and mumbles some strange words.
The puff of flame hits the orc.
The orc dies!
The dart slug launches a dart at you. The slug dart misses you.
Blork the orc screams, "I'll break your arms!"
Blork the orc is no longer blind.
Found a beef jerky.
Found a stone staircase leading down.
You feel agile all of a sudden. Blork the orc casts a spell at you.
The puff of frost hits you!
* * * LOW HITPOINT WARNING * * *
Blork the orc barely misses you.
Blork the orc gestures at you while chanting.
The puff of flame hits you!
You die...

##########...
..)..........
.)######.#### #
.#.......# .#
#........## .##
..........# ....
..........# ..%..
..........########......
...........).o..@....>..
..........########......
#.........## .....
#........o.# ....
....w......# ...
...........# .#
...........# #
............#
≈≈.........o..#


You could see Blork the orc.

Vanquished Creatures
  A howler monkey (D:4)
  A hound (D:3)
  5 adders
  An ooze (D:2)
  A worm (D:2)
  A dart slug (D:1)
  2 leopard geckos (D:1)
  6 orcs
  2 giant cockroaches
  10 goblins
  10 hobgoblins
  9 kobolds
  8 bats
  4 frilled lizards
  A quokka skeleton (D:4)
  8 rats
70 creatures vanquished.

Vanquished Creatures (others)
  An orc (D:4)
1 creature vanquished.

Grand Total: 71 creatures vanquished

Notes
Turn   | Place    | Note
-------+----------+-------------------------------------------
     0 | D:1      | Mesmaeker13 the High Elf Conjurer began the quest for the Orb.
     0 | D:1      | Reached XP level 1. HP: 11/11 MP: 4/4
   251 | D:1      | Reached XP level 2. HP: 10/17 MP: 3/6
   778 | D:1      | Reached skill level 5 in Conjurations
   868 | D:1      | Reached XP level 3. HP: 21/21 MP: 6/8
   968 | D:2      | Learned a level 2 spell: Searing Ray
  1360 | D:2      | Reached XP level 4. HP: 27/27 MP: 6/10
  2145 | D:3      | Learned a level 3 spell: Dazzling Spray
  2448 | D:3      | Reached XP level 5. HP: 31/31 MP: 4/12
  2564 | D:3      | Noticed appiemonkey's ghost (amateur GrFi)
  2719 | D:4      | Reached skill level 6 in Conjurations
  2721 | D:4      | Noticed Blork the orc
  2739 | D:4      | HP: 1/31 [Blork the orc/puff of frost (11)]
  2741 | D:4      | Killed from afar by Blork the orc

Skill      XL: |  1  2  3  4  5 |
---------------+----------------+-----
Spellcasting   | 3 4 |  4.9
Conjurations   | 5 6 |  6.1
Dodging        | |  2.1
Stealth        | |  2.1

Action                   |  1- 3 |  4- 6 || total
-------------------------+-------+-------++-------
Melee: Dagger            |    27 |    27 ||    54
 Cast: Magic Dart        |    56 |    51 ||   107
       Searing Ray       |     2 |     5 ||     7
       Dazzling Spray    |       |     2 ||     2
  Use: Scroll            |     1 |     7 ||     8
       Potion            |       |     2 ||     2
 Stab: Sleeping          |       |     1 ||     1
  Eat: Chunk             |     1 |     5 ||     6
Armor: Robe              |     4 |     7 ||    11
Dodge: Dodged            |    30 |    26 ||    56
